 Seeded DCSS version 0.30.1-11-g7821555f0a (webtiles) character file.

Game seed: 5129858224507802926 (custom seed)

23 Psyclone the Conjurer (level 2, 15/15 HPs)
             Began as a Deep Elf Conjurer on Nov 8, 2023.
             Quit the game on level 2 of the Dungeon.
             The game lasted 00:01:44 (622 turns).

Psyclone the Conjurer (Deep Elf Conjurer)            Turns: 622, Time: 00:01:44

Health: 15/15      AC:  2    Str:  4    XL:     2   Next: 75%
Magic:  8/8        EV: 12    Int: 22    God:
Gold:   82         SH:  0    Dex: 13    Spells: 5/8 levels left

rFire   . . .        (no weapon)
rCold   . . .        (no shield)
rNeg    . . .        a - +0 robe
rPois   .            (no helmet)
rElec   .            (no cloak)
rCorr   .            (no gloves)
SInv    .            (no boots)
Will    .....        (no amulet)
Stlth   ++           (no ring)
HPRegen 0.22/turn    (no ring)
MPRegen 0.11/turn

%: clarity
@: no status effects
A: clarity, evolution 1, sturdy frame 1
a: no special abilities


You were on level 2 of the Dungeon.
You visited 1 branch of the dungeon, and saw 2 of its levels.

You collected 82 gold pieces.

Inventory:

Armour
 a - a +0 robe (worn)
Scrolls
 d - a scroll of amnesia {unknown}
 e - a scroll of identify {unknown}
 f - a scroll of vulnerability {unknown}
Potions
 b - a potion of magic
 c - a potion of mutation
 g - a potion of might {unknown}


   Skills:
 - Level 2.4 Dodging
 - Level 2.4 Stealth
 + Level 3.6 Spellcasting
 * Level 5.1 Conjurations


You had 5 spell levels left.
You knew the following spells:

 Your Spells              Type           Power      Damage    Failure   Level
a - Magic Dart            Conj           100%       1d8       1%          1
b - Searing Ray           Conj           52%        2d6       2%          2

Your spell library contained the following spells:

 Spells                   Type           Power      Damage    Failure   Level
 Dazzling Flash           Conj/Hex       30%        N/A       12%         3
 Fulminant Prism          Conj/Hex       7%         3d6       38%         4
 Iskenderun's Mystic Bla  Conj/Tloc      15%        2d5       38%         4


Dungeon Overview and Level Annotations

Branches:
Dungeon (2/15) Zot: 11378

Altars:

Shops:
D:2 =!


Innate Abilities, Weirdness & Mutations

You possess an exceptional clarity of mind.
You have hidden genetic potential.
Your movements are slightly less encumbered by armour. (ER -2)


Message History

Casting: Magic Dart (safe; 1% risk of failure)
Confirm with . or Enter, or press ? or * to list all spells.
Aiming: Magic Dart (safe; 1% risk of failure)
Press: ? - help, Shift-Dir - straight line, f/p - hobgoblin
Aim: a hobgoblin, wielding a +0 short sword and wearing a -3 robe (moderately wounded, 100% to hit)
The magic dart hits the hobgoblin.
You kill the hobgoblin!
You now have 6/8 mp.
You start resting.
Magic restored.
MP restored: 8 A gnoll comes into view. It is wielding a +0 whip.
There is an entrance to Tatheism's Distillery here.
You open the door.
There is an open door here.
e - a scroll labelled NYNKOM WEUMUNG
There is an entrance to Zutuxkoi's Jewellery Shop here.
There is an entrance to Zutuxkoi's Jewellery Shop here.
You see here a hobgoblin skeleton.
You now have 47 gold pieces (gained 17).
Found a stone staircase leading down.
There is a stone staircase leading down here.
Found 13 gold pieces.
You now have 60 gold pieces (gained 13).
There is a stone staircase leading up here.
f - a scroll labelled MIERASHEPSEPHI You now have 68 gold pieces (gained 8).
g - a grey potion You open the door.
Found 14 gold pieces.
There is an open door here.
You now have 82 gold pieces (gained 14).
You open the door.
There is an open door here.
There is an open door here.
Found a stone staircase leading up.
There is a stone staircase leading up here.
Unknown command.
Unknown command.
Are you sure you want to abandon this character and quit the game? (Confirm with "yes".)

#.##........#.# #.# #.#...#
#.##........#.# #.# #.#..###
#.###########.###.#######.......
#.# #................... #.#
#####.########......
#.########## #.# #......
#.#........# #.# #......
#.#........######.# #...###
#.#........+...@#.# #...#
#.#........####.#.# #..)#
#.#........#..#.#.# #...#
#.#........#...<#.# #...#
#.#........#....#.# #...#
#.########.#....#.# #...### #.#
#.#....#.# #...... #.######
#.#....#.# #..###. #......#
#∩#....#.# ##..# #.


There were no monsters in sight!

Vanquished Creatures
  A gnoll (D:2)
  A dart slug (D:2)
  A bat (D:2)
  2 endoplasms (D:2)
  A goblin (D:2)
  3 hobgoblins (D:2)
  A ball python (D:2)
  A rat (D:1)
11 creatures vanquished.

Notes
Turn   | Place    | Note
-------+----------+-------------------------------------------
     0 | D:1      | Psyclone the Deep Elf Conjurer began the quest for the Orb.
     0 | D:1      | Reached XP level 1. HP: 10/10 MP: 6/6
    80 | D:2      | Found Zutuxkoi's Jewellery Shop.
    83 | D:2      | Reached XP level 2. HP: 15/15 MP: 4/8
   100 | D:2      | Learned a level 2 spell: Searing Ray
   149 | D:2      | Gained mutation: You possess an exceptional clarity of
                  | mind. [potion of mutation]
   149 | D:2      | Gained mutation: Your movements are slightly less
                  | encumbered by armour. (ER -2) [potion of mutation]
   149 | D:2      | Gained mutation: You have hidden genetic potential. [potion
                  | of mutation]
   228 | D:2      | Found Tatheism's Distillery.
   235 | D:2      | Reached skill level 5 in Conjurations
   622 | D:2      | Quit the game

Illustrated notes

Levels and vault maps discovered:
D:1:      saegor_arrival_simple_c, layout_rooms, serial_shops, shop,
          kennysheep_nondescript, minmay_misc_feat_ornament
D:2:      layout_basic, serial_shops, nicolae_shop_tiny_statue_garden,
          nicolae_shop_scrapyard, shop, shop

Skill      XL: |  1  2 |
---------------+-------+-----
Conjurations   | 5 |  5.1
Dodging        | |  2.4
Stealth        | |  2.4
Spellcasting   | |  3.6

Action                     || total
---------------------------++-------
   Cast: Magic Dart        ||    13
         Searing Ray       ||     2
    Use: Potion            ||     1
  Dodge: Dodged            ||     1
